 Dungeon Crawl Stone Soup version 0.30-a0-145-g03d90e2e6d (webtiles) character file.

Game seed: 12994283750752259273

95156 qw the Severer (level 16, -12/100 (101) HPs)
             Began as a Gargoyle Fighter on Sept 26, 2022.
             Was a High Priest of Okawaru.
             Mangled by an orc knight
             ... wielding a +2 war axe
              (31 damage)
             ... on level 2 of the Orcish Mines.
             The game lasted 00:09:05 (23322 turns).

qw the Severer (Gargoyle Fighter)                  Turns: 23322, Time: 00:09:05

HP:   -12/100 (101) AC: 46    Str: 26    XL:     16   Next: 13%
MP:   19/23         EV: 12    Int: 18    God:    Okawaru [*****.]
Gold: 1602          SH: 19    Dex: 13    Spells: 15/15 levels left

rFire   + . .      SeeInvis .    Y - +2 broad axe (spect)
rCold   . . .      Faith    .    m - +0 kite shield
rNeg    + . .      Spirit   .    v - +7 chain mail of Dishonesty {rPois rF+ Int+4 Dex+4}
rPois   inf        Reflect  +    A - +0 helmet
rElec   +          Harm     .    q - +0 cloak
rCorr   .          Rampage  inf  b - +0 pair of gloves
Will    +....                    p - +3 pair of seven-league boots {Rampage+∞}
Stlth   ..........               s - amulet of reflection
HPRegen 0.26/turn                e - ring of Xom's Fair Game {*Slow Int+3 Slay+4}
MPRegen 0.18/turn                l - +4 ring of protection

@: about to teleport, heroic, finesse-ful, flying, slowed, lightly drained, very
slow
A: sickness immunity, AC +12, big wings, negative energy resistance 1,
electricity resistance, torment resistance 1, petrification resistance
a: Renounce Religion, Heroism, Finesse, Duel


You were on level 2 of the Orcish Mines.
You worshipped Okawaru.
Okawaru was extremely pleased with you.
You visited 3 branches of the dungeon, and saw 22 of its levels.

You collected 2440 gold pieces.
You spent 838 gold pieces at shops.


Innate Abilities, Weirdness & Mutations

You are immune to sickness and miasma.
Your stone body is resilient. (AC +12)
You are immune to poison.
Your large and strong wings let you fly.
You resist negative energy. (rN+)
You are resistant to electric shocks. (rElec)
You are resistant to unholy torment.
You are immune to petrification.


   Skills:
 + Level 12.1(17.1) Fighting
 - Level 17.0(22.0) Axes
 - Level 6.0(11.0) Throwing
 - Level 11.0(16.0) Armour
 - Level 4.0(9.0) Dodging
 - Level 13.0(18.0) Shields
 - Level 10.0 Invocations


You had 15 spell levels left.
You didn't know any spells.
Your spell library was empty.

Inventory:

Hand Weapons
 c - a +2 war axe of flaming
 Y - a +2 spectral broad axe (weapon)
Missiles
 y - 14 boomerangs (quivered)
Armour
 b - a +0 pair of gloves (worn)
 m - a +0 kite shield (worn)
 p - the +3 pair of seven-league boots (worn) {Rampage+∞}
   (You found it on level 3 of the Lair of Beasts)

   Its wearer moves as far as possible in that direction when moving towards
   enemies.
 q - a +0 cloak (worn)
 t - a +0 plate armour of cold resistance
 v - the +7 chain mail of Dishonesty (worn) {rPois rF+ Int+4 Dex+4}
   (You found it on level 1 of the Lair of Beasts)

   Int:       It affects your intelligence (+4).
   Dex:       It affects your dexterity (+4).
   rF:        It protects you from fire.
   rPois:     It protects you from poison.
 w - +0 acid dragon scales
 A - a +0 helmet (worn)
Jewellery
 a - a ring of fire
 e - the ring of Xom's Fair Game (left hand) {*Slow Int+3 Slay+4}
   (You found it on level 2 of the Dungeon)

   [ring of slaying]

   Int:       It affects your intelligence (+3).
   Slay:      It affects your accuracy & damage with ranged weapons and melee
   (+4).
   *Slow:     It may slow you when you take damage.
 l - a +4 ring of protection (right hand)
 s - an amulet of reflection (around neck)
Scrolls
 i - 13 scrolls of identify
 o - a scroll of teleportation
Potions
 d - 5 potions of might
 f - 6 potions of resistance
 g - 7 potions of curing
 h - 7 potions of attraction
 j - 5 potions of cancellation
 n - 3 potions of mutation
 r - 3 potions of heal wounds
 u - 7 potions of lignification
 z - 3 potions of haste

Dungeon Overview and Level Annotations

Branches:
Dungeon (15/15) Temple (0/1) D:6 Lair (5/5) D:9 Shoals (0/4) Lair:3 Snake (0/4) Lair:2 Slime (0/5) Lair:4 Orc (2/2) D:10 Vaults (0/5) D:12 D:13 Depths (0/4) D:15 Elf: Orc:2

Altars:
Gozag
Hepliaklqana
Nemelex Xobeh
Okawaru
Trog
Uskayaw
Vehumet
Yredelemnul

Shops:
D:1 *(   D:7 *   D:8 *   Orc:1 !

Annotations:
D:6 1 runed translucent door, qw's ghost, novice GrFi
D:7 2 transporters, Grum; qw's ghost, novice GrFi
D:12 3 runed translucent doors, Bananafolds's ghost, journeyman DrAE
D:14 2 transporters, Cown's ghost, journeyman TrHu
Orc:2 Saint Roka


Message History

You hear a shout! x2
The orc sorcerer hits your +2 spectral broad axe but does no damage.
The orc wizard casts a spell.
The orc wizard flickers and vanishes!
An orc comes into view. It is wielding a +0 club.
The orc knight misses you. The orc knight barely misses you.
The orc knight hits your +2 spectral broad axe with a +2 war axe.
Your spectral weapon shares its damage with you!
23321 ||| READING 2 scrolls of teleportation.
As you read the scroll of teleportation, it crumbles to dust.
You feel strangely unstable.
The orc shouts!
You hear a shout!
You block the orc sorcerer's attack. The red devil misses you.
You block the orc sorcerer's attack. The orc knight barely misses you.
The red devil hits you but does no damage.
The orc sorcerer misses you.
23322 ||| DRINKING 4 potions of heal wounds.
You feel much better.
The orc wizard no longer looks unusually strong.
The orc no longer looks unusually strong.
The orc warrior no longer looks unusually strong.
The orc sorcerer no longer looks unusually strong.
The orc warrior hits you but does no damage.
The orc priest mumbles some strange prayers to Beogh against you.
Beogh smites you! The orc knight closely misses you.
The orc knight roars a battlecry!
The orcs go into a battle-frenzy!
You block the orc knight's attack.
Saint Roka calls down the wrath of Beogh upon you.
Beogh smites you!
The orc sorcerer casts a spell.
The red devil hits you but does no damage.
You block the orc knight's attack.
The orc priest calls upon Beogh to heal the orc warrior.
The orc warrior is healed somewhat.
The orc knight hits you but does no damage.
Saint Roka roars a battlecry!
The orc warrior hits you but does no damage.
The orc knight hits you with a +2 war axe!!
You die... .......... ........ ...oooo #ooooo# # #.o.o{# # #8ooo8#

..# #.oo)o# ....
#..o@o# #.#. ###.34##
.#.. #..).## ## ....
#.....#### ##.## ....
....#....#..## ...#
.... .....#.......#
##.### ..
....#.......####....##
..
..............#.......
..^.......#......#<.o.


You could see Saint Roka (strong), 3 orc knights, a neqoxec (summoned), an orc
sorcerer (strong), a red devil (summoned), 4 orc warriors, 3 orc priests, 2 orc
wizards and 5 orcs.

Vanquished Creatures
  Rupert (D:12)
  Gastronok (Lair:2)
  Kirke (Lair:3)
  Snorg (D:10)
  3 fire dragons
  5 hydras
  An ogre mage (D:15)
  2 catoblepae (Lair:5)
  4 centaur warriors
  3 boulder beetles
  A death knight (D:13)
  9 death yaks
  6 two-headed ogres
  2 tengu warriors
  Urug (D:13)
  A skeletal warrior (D:7)
  A swamp dragon (Lair:5)
  2 orc knights
  2 deep elf pyromancers
  A lindwurm (Lair:5)
  2 oklob plants
  A manticore (D:15)
  13 ugly things
  3 orc sorcerers
  4 cyclopes
  21 elephants
  Maurice (D:9)
  10 black mambas
  A gargoyle (D:14)
  13 cane toads
  2 torpor snails (Lair:5)
  Maggie (D:9)
  7 rime drakes
  An efreet (D:14)
  2 unseen horrors
  3 freezing wraiths
  16 komodo dragons
  6 kobold demonologists
  2 tengu conjurers
  3 trolls
  Grinder (D:4)
  A hornet (D:7)
  2 dream sheep (Lair:5)
  4 polar bears
  5 slime creatures (D:12)
  12 blink frogs
  3 wraiths
  5 wyverns
  18 humans
  52 yaks
  A hog (shapeshifter) (D:13)
  8 basilisks
  3 steam dragons
  6 vampire mosquitoes
  3 hogs (Lair:3)
  4 wargs
  2 nagas (Lair:2)
  4 acid dragons
  23 water moccasins
  A swamp drake (Lair:5)
  3 sky beasts
  An ice beast (D:7)
  21 orc warriors
  2 black bears
  14 centaurs
  11 wolves
  3 ogres
  5 kobold brigands
  10 bullfrogs
  2 necrophages
  7 scorpions
  14 wights
  16 killer bees
  8 howler monkeys
  A jelly (D:6)
  11 orc priests
  6 hounds
  6 iguanas
  Natasha (twice) (D:4)
  21 orc wizards
  6 hell rats (Lair:3)
  A gnoll (D:7)
  3 adders
  4 river rats (Lair:1)
  3 shadow imps
  A white imp (D:7)
  3 ufetubi
  4 worms
  50 orcs
  6 bats
  7 endoplasms
  3 giant cockroaches
  6 goblins
  11 hobgoblins
  4 jackals
  31 kobolds
  A quokka (D:2)
  8 ball pythons
  6 frilled lizards
  6 rats
646 creatures vanquished.

Vanquished Creatures (others)
  5 fungi
  48 plants
53 creatures vanquished.

Grand Total: 699 creatures vanquished

Notes
Turn   | Place    | Note
-------+----------+-------------------------------------------
     0 | D:1      | qw the Gargoyle Fighter began the quest for the Orb.
     0 | D:1      | Reached XP level 1. HP: 14/14 MP: 1/1
     0 | D:1      | 0 ||| qw: Version: 0.2-a-10-g399e6c4
     0 | D:1      | 0 ||| qw: Game counter: 496
     0 | D:1      | 0 ||| qw: Always use a shield: true
     0 | D:1      | 0 ||| qw: God list: Okawaru
     0 | D:1      | 0 ||| qw: Allow faded altars: false
     0 | D:1      | 0 ||| qw: Do Orc after D:15 true
     0 | D:1      | 0 ||| qw: Do second Lair branch before Depths: true
     0 | D:1      | 0 ||| qw: Lair rune preference: random
     0 | D:1      | 0 ||| qw: Plans: Normal, Zot:1-4, God:TSO, Crypt, Tomb,
                  | Pan, Slime:5, Hells, Abyss, Orb
     0 | D:1      | 0 ||| PLANNING D:1-11
    31 | D:1      | Found Hoeveej's Assorted Antiques.
    40 | D:1      | 40 ||| SHOPLISTING 2 silvery potions (34 gold, have 0).
    40 | D:1      | 40 ||| SHOPLISTING flail (66 gold, have 0).
    40 | D:1      | 40 ||| SHOPLISTING puce potion (17 gold, have 0).
    40 | D:1      | 40 ||| SHOPLISTING runed mace (114 gold, have 0).
    40 | D:1      | 40 ||| SHOPLISTING scroll labelled DAT SISTEQAETA (19 gold,
                  | have 0).
    40 | D:1      | 40 ||| SHOPLISTING scroll labelled TOSIMAKKO ZITU (19 gold,
                  | have 0).
    40 | D:1      | 40 ||| SHOPLISTING sedimented cyan potion (17 gold, have
                  | 0).
    57 | D:1      | Reached skill level 2 in Axes
   261 | D:1      | 261 ||| Stepping ~*~*~tactically~*~*~ (stealth).
   266 | D:1      | Reached XP level 2. HP: 19/19 MP: 2/2
   533 | D:1      | Found Xukue's Antique Weapon Shop.
   560 | D:1      | Reached skill level 3 in Axes
   607 | D:1      | Reached XP level 3. HP: 23/23 MP: 3/3
   742 | D:1      | 742 ||| Stepping ~*~*~tactically~*~*~ (stealth).
   747 | D:1      | 747 ||| Stepping ~*~*~tactically~*~*~ (stealth).
   819 | D:1      | 819 ||| Stepping ~*~*~tactically~*~*~ (stealth).
  1008 | D:1      | 1008 ||| READING scroll labelled XOSARIST INUOCHY.
  1012 | D:1      | 1012 ||| READING scroll labelled TOSIMAKKO ZITU.
  1013 | D:1      | 1013 ||| READING scroll labelled XOMESCHIL YPAIKK.
  1014 | D:1      | 1014 ||| READING scroll labelled DENKUJOOTE.
  1069 | D:2      | Identified the ring of Xom's Fair Game {*Slow Int+3 Slay+4}
  1314 | D:2      | 1314 ||| Stepping ~*~*~tactically~*~*~ (stealth).
  1357 | D:2      | 1357 ||| Stepping ~*~*~tactically~*~*~ (stealth).
  1380 | D:2      | 1380 ||| Stepping ~*~*~tactically~*~*~ (stealth).
  1411 | D:2      | 1411 ||| Stepping ~*~*~tactically~*~*~ (stealth).
  1424 | D:2      | Reached XP level 4. HP: 28/28 MP: 4/4
  1507 | D:2      | Found a hazy altar of Hepliaklqana.
  1521 | D:2      | 1521 ||| UPGRADING to ring of Xom's Fair Game {*Slow Int+3
                  | Slay+4}.
  1522 | D:2      | 1522 ||| DROPPING ring of magical power.
  1523 | D:2      | 1523 ||| DRINKING 2 orange potions.
  1524 | D:2      | 1524 ||| DRINKING 2 viscous emerald potions.
  1525 | D:2      | 1525 ||| DRINKING 2 silvery potions.
  1580 | D:3      | 1580 ||| Stepping ~*~*~tactically~*~*~ (stealth).
  1596 | D:3      | 1596 ||| Stepping ~*~*~tactically~*~*~ (stealth).
  1606 | D:3      | Reached skill level 4 in Axes
  1707 | D:3      | Found a faded altar of an unknown god.
  1761 | D:3      | Found a hazy altar of Hepliaklqana.
  2005 | D:3      | Reached XP level 5. HP: 31/32 MP: 5/5
  2261 | D:3      | Found a faded altar of an unknown god.
  2265 | D:3      | Found a basalt altar of Yredelemnul.
  2323 | D:3      | 2323 ||| UPGRADING to +0 kite shield.
  2333 | D:3      | 2333 ||| DROPPING +0 buckler.
  2334 | D:3      | 2334 ||| READING scroll labelled WIYKAM QEMERR.
  2335 | D:3      | 2335 ||| READING 4 scrolls of identify.
  2335 | D:3      | 2335 ||| IDENTIFYING sedimented cyan potion
  2336 | D:3      | 2336 ||| READING 3 scrolls of identify.
  2336 | D:3      | 2336 ||| IDENTIFYING red potion
  2545 | D:4      | 2545 ||| Stepping ~*~*~tactically~*~*~ (stealth).
  2629 | D:4      | Noticed Grinder
  2641 | D:4      | Paralysed by Grinder for 3 turns
  2644 | D:4      | Killed Grinder
  2645 | D:4      | Reached skill level 6 in Shields
  2645 | D:4      | Reached XP level 6. HP: 29/37 MP: 6/6
  2722 | D:4      | Found a radiant altar of Vehumet.
  2730 | D:4      | 2730 ||| FLEEEEING.
  2731 | D:4      | 2731 ||| FLEEEEING.
  2732 | D:4      | 2732 ||| FLEEEEING.
  2910 | D:4      | Reached skill level 5 in Axes
  2910 | D:4      | Reached XP level 7. HP: 38/41 MP: 7/7
  3115 | D:4      | Noticed Natasha
  3125 | D:4      | Killed Natasha
  3126 | D:4      | 3126 ||| FLEEEEING.
  3127 | D:4      | 3127 ||| FLEEEEING.
  3128 | D:4      | 3128 ||| FLEEEEING.
  3129 | D:4      | 3129 ||| FLEEEEING.
  3130 | D:4      | 3130 ||| FLEEEEING.
  3131 | D:4      | 3131 ||| FLEEEEING.
  3191 | D:4      | 3191 ||| DROPPING +2 leather armour of cold resistance.
  3192 | D:4      | 3192 ||| UPGRADING to +0 chain mail.
  3202 | D:4      | 3202 ||| DROPPING +0 scale mail.
  3203 | D:4      | 3203 ||| READING scroll labelled HUPPOI SOEDDEXT.
  3204 | D:4      | 3204 ||| READING scroll labelled XEILAM NOUPSOA.
  3205 | D:4      | 3205 ||| READING scroll labelled CODIXO QAREIP.
  3206 | D:4      | 3206 ||| READING 3 scrolls of identify.
  3206 | D:4      | 3206 ||| IDENTIFYING lumpy red potion
  3207 | D:4      | 3207 ||| READING 2 scrolls of identify.
  3207 | D:4      | 3207 ||| IDENTIFYING yellow potion
  3208 | D:4      | 3208 ||| DROPPING potion of berserk rage.
  3209 | D:4      | 3209 ||| DROPPING potion of magic.
  3219 | D:4      | 3219 ||| STAIRDANCE
  3223 | D:4      | 3223 ||| STAIRDANCE
  3227 | D:4      | 3227 ||| STAIRDANCE
  3231 | D:4      | 3231 ||| STAIRDANCE
  3235 | D:4      | 3235 ||| STAIRDANCE
  3239 | D:4      | 3239 ||| STAIRDANCE
  3243 | D:4      | 3243 ||| STAIRDANCE
  3247 | D:4      | 3247 ||| STAIRDANCE
  3251 | D:4      | 3251 ||| STAIRDANCE
  3255 | D:4      | 3255 ||| STAIRDANCE
  3259 | D:4      | 3259 ||| STAIRDANCE
  3263 | D:4      | 3263 ||| STAIRDANCE
  3267 | D:4      | 3267 ||| STAIRDANCE
  3271 | D:4      | 3271 ||| STAIRDANCE
  3275 | D:4      | 3275 ||| STAIRDANCE
  3279 | D:4      | 3279 ||| STAIRDANCE
  3283 | D:4      | 3283 ||| STAIRDANCE
  3287 | D:4      | 3287 ||| STAIRDANCE
  3291 | D:4      | 3291 ||| STAIRDANCE
  3295 | D:4      | 3295 ||| STAIRDANCE
  3332 | D:4      | Noticed Natasha
  3333 | D:4      | 3333 ||| FLEEEEING.
  3336 | D:4      | Killed Natasha
  3379 | D:5      | Entered Level 5 of the Dungeon
  3414 | D:5      | 3414 ||| Stepping ~*~*~tactically~*~*~ (stealth).
  3689 | D:5      | Reached skill level 6 in Axes
  3730 | D:5      | Reached skill level 1 in Dodging
  3809 | D:5      | Noticed a steam dragon
  3811 | D:5      | Reached XP level 8. HP: 48/48 MP: 8/8
  3811 | D:5      | 3811 ||| READING scroll labelled BIBUECU LEMYTT.
  3821 | D:5      | 3821 ||| Stepping ~*~*~tactically~*~*~ (stealth).
  3839 | D:5      | 3839 ||| READING scroll of teleportation.
  3997 | D:5      | 3997 ||| Stepping ~*~*~tactically~*~*~ (stealth).
  4045 | D:5      | Found a sparkling altar of Nemelex Xobeh.
  4216 | D:5      | Reached skill level 7 in Axes
  4400 | D:5      | 4400 ||| READING 2 scrolls of identify.
  4400 | D:5      | 4400 ||| IDENTIFYING puce potion
  4401 | D:5      | 4401 ||| DROPPING potion of flight.
  4496 | D:6      | Found an iron altar of Okawaru.
  4497 | D:6      | 4497 ||| PLANNING OKAWARU WORSHIP
  4499 | D:6      | 4499 ||| FLEEEEING.
  4500 | D:6      | 4500 ||| FLEEEEING.
  4501 | D:6      | 4501 ||| FLEEEEING.
  4502 | D:6      | 4502 ||| FLEEEEING.
  4503 | D:6      | 4503 ||| FLEEEEING.
  4504 | D:6      | 4504 ||| FLEEEEING.
  4505 | D:6      | 4505 ||| FLEEEEING.
  4506 | D:6      | 4506 ||| FLEEEEING.
  4510 | D:6      | 4510 ||| FLEEEEING.
  4514 | D:6      | 4514 ||| FLEEEEING.
  4515 | D:6      | 4515 ||| FLEEEEING.
  4516 | D:6      | 4516 ||| FLEEEEING.
  4517 | D:6      | 4517 ||| FLEEEEING.
  4518 | D:6      | 4518 ||| FLEEEEING.
  4519 | D:6      | 4519 ||| FLEEEEING.
  4521 | D:6      | 4521 ||| STAIRDANCE
  4525 | D:6      | 4525 ||| STAIRDANCE
  4529 | D:6      | 4529 ||| STAIRDANCE
  4553 | D:6      | 4553 ||| STAIRDANCE
  4629 | D:6      | Became a worshipper of Warmaster Okawaru
  4630 | D:6      | 4630 ||| PLANNING D:1-11
  4689 | D:6      | Found a staircase to the Ecumenical Temple.
  4690 | D:6      | 4690 ||| UPGRADING to +0 pair of gloves.
  4695 | D:6      | 4695 ||| DROPPING +6 ring of intelligence.
  4820 | D:6      | Found an opulent altar of Gozag.
  4902 | D:6      | Reached * piety under Okawaru
  4903 | D:6      | Reached skill level 1 in Throwing
  5031 | D:6      | Reached skill level 1 in Invocations
  5144 | D:6      | 5144 ||| INVOKING Heroism.
  5209 | D:6      | 5209 ||| INVOKING Heroism.
  5216 | D:6      | Reached XP level 9. HP: 54/54 MP: 7/10
  5226 | D:6      | 5226 ||| INVOKING Heroism.
  5258 | D:6      | Found a runed translucent door.
  5264 | D:6      | Noticed qw's ghost (novice GrFi)
  5386 | D:6      | 5386 ||| DROPPING amulet of magic regeneration.
  5387 | D:6      | 5387 ||| UPGRADING to +4 ring of protection.
  5388 | D:6      | 5388 ||| READING scroll labelled CAACZIFUOM.
  5389 | D:6      | 5389 ||| DRINKING 3 glowing emerald potions.
  5390 | D:6      | 5390 ||| DROPPING 2 potions of brilliance.
  5507 | D:7      | 5507 ||| STAIRDANCE
  5577 | D:7      | 5577 ||| STAIRDANCE
  5580 | D:6      | 5580 ||| INVOKING Heroism.
  5582 | D:6      | Reached skill level 3 in Invocations
  5737 | D:7      | 5737 ||| STAIRDANCE
  5787 | D:7      | 5787 ||| STAIRDANCE
  5854 | D:6      | 5854 ||| SWAPPING to +4 war axe of freezing.
  5855 | D:6      | 5855 ||| DROPPING +1 war axe.
  5883 | D:7      | 5883 ||| INVOKING Heroism.
  5887 | D:7      | Reached skill level 8 in Axes
  5924 | D:7      | Found a transporter.
  5984 | D:7      | Found Noasewku's General Store.
  5992 | D:7      | 5992 ||| BUYING scroll of enchant weapon (105 gold).
  5992 | D:7      | Bought a scroll of enchant weapon for 105 gold pieces
  5992 | D:7      | 5992 ||| BUYING scroll of teleportation (42 gold).
  5992 | D:7      | Bought a scroll of teleportation for 42 gold pieces
  5992 | D:7      | 5992 ||| READING scroll of enchant weapon.
  5992 | D:7      | 5992 ||| ENCHANTING +4 war axe of freezing.
  6160 | D:7      | 6160 ||| INVOKING Heroism.
  6166 | D:7      | 6166 ||| Stepping ~*~*~tactically~*~*~ (stealth).
  6169 | D:7      | 6169 ||| Stepping ~*~*~tactically~*~*~ (stealth).
  6173 | D:7      | 6173 ||| Stepping ~*~*~tactically~*~*~ (stealth).
  6201 | D:7      | Noticed a hornet
  6202 | D:7      | 6202 ||| Stepping ~*~*~tactically~*~*~ (hiding).
  6209 | D:7      | Reached skill level 6 in Fighting
  6210 | D:7      | 6210 ||| INVOKING Heroism.
  6212 | D:7      | 6212 ||| Stepping ~*~*~tactically~*~*~ (hiding).
  6215 | D:7      | Killed a hornet
  6226 | D:7      | Reached ** piety under Okawaru
  6256 | D:7      | 6256 ||| Stepping ~*~*~tactically~*~*~ (stealth).
  6260 | D:7      | 6260 ||| Stepping ~*~*~tactically~*~*~ (stealth).
  6261 | D:7      | 6261 ||| Stepping ~*~*~tactically~*~*~ (stealth).
  6266 | D:7      | 6266 ||| DROPPING +0 war axe of distortion.
  6273 | D:7      | 6273 ||| DROPPING +0 flail.
  6469 | D:7      | Identified the +2 buckler of Darkness {rC++ rCorr Dex+5}
  6491 | D:7      | Found a transporter.
  6493 | D:7      | Noticed Grum
  6518 | D:7      | Identified the amulet "Keme" {Reflect Str+2 SH+5}
  6519 | D:7      | Noticed qw's ghost (novice GrFi)
  6553 | D:7      | 6553 ||| Stepping ~*~*~tactically~*~*~ (hiding).
  6627 | D:7      | 6627 ||| INVOKING Heroism.
  6628 | D:7      | Noticed a skeletal warrior
  6629 | D:7      | Noticed a deep elf pyromancer
  6636 | D:7      | 6636 ||| Stepping ~*~*~tactically~*~*~ (hiding).
  6641 | D:7      | HP: 12/55 [skeletal warrior/+0 dire flail (17)]
  6642 | D:7      | 6642 ||| READING scroll of teleportation.
  6643 | D:7      | 6643 ||| DRINKING 2 potions of heal wounds.
  6645 | D:7      | Killed a skeletal warrior
  6645 | D:7      | Reached *** piety under Okawaru
  6646 | D:7      | Reached skill level 9 in Axes
  6646 | D:7      | Reached XP level 10. HP: 39/60 MP: 13/13
  6801 | D:7      | 6801 ||| Stepping ~*~*~tactically~*~*~ (stealth).
  6803 | D:7      | 6803 ||| Stepping ~*~*~tactically~*~*~ (stealth).
  6804 | D:7      | 6804 ||| Stepping ~*~*~tactically~*~*~ (stealth).
  6849 | D:7      | 6849 ||| INVOKING Heroism.
  6852 | D:7      | HP: 11/61 [deep elf pyromancer/bolt of fire (13)]
  6853 | D:7      | 6853 ||| DRINKING potion of heal wounds.
  6859 | D:7      | Killed a deep elf pyromancer
  7070 | D:7      | 7070 ||| UPGRADING to +0 plate armour.
  7080 | D:7      | 7080 ||| DROPPING +0 chain mail.
  7081 | D:7      | 7081 ||| READING 3 scrolls labelled ASCHUE EGIONYX.
  7082 | D:7      | 7082 ||| DROPPING 2 scrolls of blinking.
  7142 | D:8      | Found Ucoloss's Assorted Antiques.
  7145 | D:8      | 7145 ||| Stepping ~*~*~tactically~*~*~ (stealth).
  7150 | D:8      | 7150 ||| INVOKING Heroism.
  7177 | D:8      | 7177 ||| BUYING scroll of identify (46 gold).
  7177 | D:8      | Bought a scroll of identify for 46 gold pieces
  7177 | D:8      | 7177 ||| BUYING scroll of teleportation (69 gold).
  7177 | D:8      | Bought a scroll of teleportation for 69 gold pieces
  7192 | D:8      | 7192 ||| Stepping ~*~*~tactically~*~*~ (stealth).
  7195 | D:8      | Received a gift from Okawaru
  7198 | D:8      | 7198 ||| INVOKING Heroism.
  7210 | D:8      | 7210 ||| Stepping ~*~*~tactically~*~*~ (hiding).
  7225 | D:8      | 7225 ||| INVOKING Heroism.
  7749 | D:8      | Found a hide-covered altar of Uskayaw.
  7775 | D:8      | 7775 ||| Stepping ~*~*~tactically~*~*~ (stealth).
  7777 | D:8      | 7777 ||| INVOKING Heroism.
  7786 | D:8      | 7786 ||| Stepping ~*~*~tactically~*~*~ (stealth).
  7787 | D:8      | 7787 ||| Stepping ~*~*~tactically~*~*~ (stealth).
  7793 | D:8      | 7793 ||| Stepping ~*~*~tactically~*~*~ (stealth).
  7794 | D:8      | 7794 ||| Stepping ~*~*~tactically~*~*~ (stealth).
  7795 | D:8      | 7795 ||| Stepping ~*~*~tactically~*~*~ (stealth).
  7796 | D:8      | 7796 ||| Stepping ~*~*~tactically~*~*~ (stealth).
  7797 | D:8      | 7797 ||| Stepping ~*~*~tactically~*~*~ (stealth).
  7866 | D:8      | 7866 ||| INVOKING Heroism.
  7871 | D:8      | Reached skill level 6 in Armour
  7877 | D:8      | Reached skill level 9 in Shields
  7906 | D:8      | 7906 ||| Stepping ~*~*~tactically~*~*~ (stealth).
  7907 | D:8      | 7907 ||| INVOKING Heroism.
  7924 | D:8      | 7924 ||| Stepping ~*~*~tactically~*~*~ (stealth).
  7928 | D:8      | 7928 ||| Stepping ~*~*~tactically~*~*~ (stealth).
  7930 | D:8      | 7930 ||| Stepping ~*~*~tactically~*~*~ (stealth).
  7932 | D:8      | 7932 ||| Stepping ~*~*~tactically~*~*~ (stealth).
  7934 | D:8      | 7934 ||| Stepping ~*~*~tactically~*~*~ (stealth).
  7936 | D:8      | 7936 ||| Stepping ~*~*~tactically~*~*~ (stealth).
  7938 | D:8      | 7938 ||| Stepping ~*~*~tactically~*~*~ (stealth).
  7940 | D:8      | 7940 ||| Stepping ~*~*~tactically~*~*~ (stealth).
  7942 | D:8      | 7942 ||| Stepping ~*~*~tactically~*~*~ (stealth).
  7944 | D:8      | 7944 ||| Stepping ~*~*~tactically~*~*~ (stealth).
  7946 | D:8      | 7946 ||| Stepping ~*~*~tactically~*~*~ (stealth).
  7948 | D:8      | 7948 ||| Stepping ~*~*~tactically~*~*~ (stealth).
  7950 | D:8      | 7950 ||| Stepping ~*~*~tactically~*~*~ (stealth).
  7952 | D:8      | 7952 ||| Stepping ~*~*~tactically~*~*~ (stealth).
  7954 | D:8      | 7954 ||| Stepping ~*~*~tactically~*~*~ (stealth).
  7956 | D:8      | 7956 ||| Stepping ~*~*~tactically~*~*~ (stealth).
  7958 | D:8      | 7958 ||| Stepping ~*~*~tactically~*~*~ (stealth).
  7960 | D:8      | 7960 ||| Stepping ~*~*~tactically~*~*~ (stealth).
  7962 | D:8      | 7962 ||| Stepping ~*~*~tactically~*~*~ (stealth).
  7964 | D:8      | 7964 ||| Stepping ~*~*~tactically~*~*~ (stealth).
  7966 | D:8      | 7966 ||| Stepping ~*~*~tactically~*~*~ (stealth).
  7968 | D:8      | 7968 ||| Stepping ~*~*~tactically~*~*~ (stealth).
  7970 | D:8      | 7970 ||| Stepping ~*~*~tactically~*~*~ (stealth).
  7972 | D:8      | 7972 ||| Stepping ~*~*~tactically~*~*~ (stealth).
  7974 | D:8      | 7974 ||| Stepping ~*~*~tactically~*~*~ (stealth).
  8003 | D:8      | 8003 ||| Stepping ~*~*~tactically~*~*~ (hiding).
  8005 | D:8      | 8005 ||| Stepping ~*~*~tactically~*~*~ (hiding).
  8011 | D:8      | Reached **** piety under Okawaru
  8054 | D:8      | 8054 ||| Stepping ~*~*~tactically~*~*~ (hiding).
  8058 | D:8      | 8058 ||| INVOKING Heroism.
  8061 | D:8      | Reached skill level 10 in Axes
  8095 | D:8      | 8095 ||| Stepping ~*~*~tactically~*~*~ (hiding).
  8104 | D:8      | 8104 ||| INVOKING Heroism.
  8109 | D:8      | Reached XP level 11. HP: 67/68 MP: 11/14
  8148 | D:8      | 8148 ||| Stepping ~*~*~tactically~*~*~ (stealth).
  8161 | D:8      | 8161 ||| Stepping ~*~*~tactically~*~*~ (hiding).
  8169 | D:8      | 8169 ||| DRINKING 4 potions of curing.
  8169 | D:8      | 8169 ||| (to cure confusion)
  8365 | D:8      | 8365 ||| DROPPING ring of positive energy.
  8366 | D:8      | 8366 ||| READING 7 scrolls of identify.
  8366 | D:8      | 8366 ||| IDENTIFYING fizzy inky potion
  8367 | D:8      | 8367 ||| DROPPING potion of degeneration.
  8375 | D:9      | 8375 ||| STAIRDANCE
  8442 | D:9      | 8442 ||| STAIRDANCE
  8455 | D:9      | 8455 ||| STAIRDANCE
  8462 | D:9      | 8462 ||| STAIRDANCE
  8523 | D:9      | 8523 ||| STAIRDANCE
  8526 | D:8      | 8526 ||| INVOKING Heroism.
  8532 | D:8      | Reached skill level 3 in Throwing
  8533 | D:8      | Reached skill level 6 in Invocations
  8716 | D:9      | 8716 ||| Stepping ~*~*~tactically~*~*~ (stealth).
  8719 | D:9      | 8719 ||| Stepping ~*~*~tactically~*~*~ (stealth).
  8770 | D:9      | 8770 ||| INVOKING Heroism.
  8783 | D:9      | Received a gift from Okawaru
  8815 | D:9      | 8815 ||| INVOKING Heroism.
  8942 | D:9      | Found a staircase to the Lair.
  9019 | D:9      | Noticed Maggie
  9020 | D:9      | 9020 ||| Stepping ~*~*~tactically~*~*~ (hiding).
  9021 | D:9      | 9021 ||| Stepping ~*~*~tactically~*~*~ (hiding).
  9027 | D:9      | Killed Maggie
  9223 | D:9      | Noticed Maurice
  9224 | D:9      | 9224 ||| Stepping ~*~*~tactically~*~*~ (hiding).
  9225 | D:9      | 9225 ||| Stepping ~*~*~tactically~*~*~ (hiding).
  9233 | D:9      | Killed Maurice
  9349 | D:9      | 9349 ||| Stepping ~*~*~tactically~*~*~ (stealth).
  9366 | D:9      | 9366 ||| INVOKING Heroism.
  9412 | D:9      | Found a bloodstained altar of Trog.
  9518 | D:9      | 9518 ||| PLANNING LAIR
  9518 | D:9      | 9518 ||| UPGRADING to +0 cloak.
  9523 | D:9      | 9523 ||| UPGRADING to amulet of reflection.
  9528 | D:9      | 9528 ||| READING 9 scrolls of identify.
  9528 | D:9      | 9528 ||| IDENTIFYING murky amethyst potion
  9552 | Lair:1   | Entered Level 1 of the Lair of Beasts
  9552 | Lair:1   | Noticed an oklob plant
  9553 | Lair:1   | 9553 ||| INVOKING Heroism.
  9558 | Lair:1   | Reached ***** piety under Okawaru
  9559 | Lair:1   | 9559 ||| INVOKING Finesse.
  9574 | Lair:1   | Killed an oklob plant
  9752 | Lair:1   | 9752 ||| INVOKING Heroism.
  9786 | Lair:1   | 9786 ||| INVOKING Heroism.
  9847 | Lair:1   | 9847 ||| INVOKING Heroism.
  9855 | Lair:1   | 9855 ||| Stepping ~*~*~tactically~*~*~ (stealth).
  9857 | Lair:1   | 9857 ||| Stepping ~*~*~tactically~*~*~ (stealth).
  9866 | Lair:1   | Reached skill level 11 in Axes
  9866 | Lair:1   | Reached skill level 9 in Invocations
  9875 | Lair:1   | Reached XP level 12. HP: 70/73 MP: 18/18
  9897 | Lair:1   | Identified the +7 chain mail of Dishonesty {rPois rF+ Int+4
                  | Dex+4}
  9986 | Lair:1   | 9986 ||| INVOKING Heroism.
 10126 | Lair:1   | 10126 ||| INVOKING Heroism.
 10182 | Lair:1   | 10182 ||| INVOKING Heroism.
 10218 | Lair:1   | 10218 ||| Stepping ~*~*~tactically~*~*~ (water).
 10398 | Lair:1   | 10398 ||| INVOKING Heroism.
 10399 | Lair:1   | Received a gift from Okawaru
 10574 | Lair:1   | 10574 ||| Stepping ~*~*~tactically~*~*~ (hiding).
 10987 | Lair:1   | 10987 ||| UPGRADING to +7 chain mail of Dishonesty {rPois
                  | rF+ Int+4 Dex+4}.
 10997 | Lair:1   | 10997 ||| DROPPING +0 plate armour.
 10998 | Lair:1   | 10998 ||| UPGRADING to +0 pair of boots.
 11003 | Lair:1   | 11003 ||| DROPPING ring of willpower.
 11004 | Lair:1   | 11004 ||| READING scroll labelled WEUCZU CEAJEL.
 11087 | Lair:2   | 11087 ||| INVOKING Heroism.
 11143 | Lair:2   | 11143 ||| INVOKING Heroism.
 11185 | Lair:2   | Reached skill level 9 in Fighting
 11218 | Lair:2   | 11218 ||| INVOKING Heroism.
 11356 | Lair:2   | Found a staircase to the Snake Pit.
 11357 | Lair:2   | 11357 ||| Stepping ~*~*~tactically~*~*~ (hiding).
 11370 | Lair:2   | 11370 ||| Stepping ~*~*~tactically~*~*~ (stealth).
 11450 | Lair:2   | Identified the +1 robe "Aboruock" {Drain rF++ rC+ Int+4}
                  | (Okawaru gifted it to you on level 2 of the Lair of Beasts)
 11450 | Lair:2   | Received a gift from Okawaru
 11527 | Lair:2   | Noticed Gastronok
 11528 | Lair:2   | 11528 ||| INVOKING Heroism.
 11536 | Lair:2   | HP: 15/76 [Gastronok (17)]
 11537 | Lair:2   | 11537 ||| READING 2 scrolls of teleportation.
 11906 | Lair:2   | 11906 ||| INVOKING Heroism.
 11908 | Lair:2   | 11908 ||| Stepping ~*~*~tactically~*~*~ (hiding).
 11929 | Lair:2   | Killed Gastronok
 11930 | Lair:2   | Reached skill level 12 in Axes
 12281 | Lair:2   | 12281 ||| UPGRADING to +1 hat of intelligence.
 12346 | Lair:3   | 12346 ||| Stepping ~*~*~tactically~*~*~ (stealth).
 12406 | Lair:3   | Noticed a death yak
 12407 | Lair:3   | 12407 ||| INVOKING Heroism.
 12408 | Lair:3   | 12408 ||| INVOKING Finesse.
 12408 | Lair:3   | Noticed a death yak
 12410 | Lair:3   | Noticed a death yak
 12412 | Lair:3   | Noticed a death yak
 12412 | Lair:3   | Noticed a death yak
 12412 | Lair:3   | Noticed a death yak
 12415 | Lair:3   | Killed a death yak
 12416 | Lair:3   | Reached XP level 13. HP: 80/80 MP: 12/20
 12434 | Lair:3   | Reached skill level 3 in Dodging
 12482 | Lair:3   | 12482 ||| Stepping ~*~*~tactically~*~*~ (stealth).
 12483 | Lair:3   | 12483 ||| Stepping ~*~*~tactically~*~*~ (stealth).
 12484 | Lair:3   | 12484 ||| Stepping ~*~*~tactically~*~*~ (stealth).
 12485 | Lair:3   | 12485 ||| Stepping ~*~*~tactically~*~*~ (stealth).
 12523 | Lair:3   | Noticed Kirke
 12524 | Lair:3   | 12524 ||| INVOKING Heroism.
 12525 | Lair:3   | 12525 ||| INVOKING Finesse.
 12543 | Lair:3   | Killed Kirke
 12583 | Lair:3   | Found the +3 pair of seven-league boots {Rampage+∞}
 12599 | Lair:3   | 12599 ||| INVOKING Heroism.
 12679 | Lair:3   | 12679 ||| INVOKING Heroism.
 12718 | Lair:3   | 12718 ||| DROPPING +0 morningstar.
 12735 | Lair:3   | 12735 ||| INVOKING Heroism.
 12755 | Lair:3   | Found a staircase to the Shoals.
 12966 | Lair:3   | 12966 ||| INVOKING Heroism.
 12967 | Lair:3   | 12967 ||| INVOKING Finesse.
 12969 | Lair:3   | 12969 ||| SWAPPING to +2 war axe of flaming.
 12978 | Lair:3   | 12978 ||| SWAPPING to +5 war axe of freezing.
 13205 | Lair:3   | 13205 ||| UPGRADING to +3 pair of seven-league boots
                  | {Rampage+∞}.
 13215 | Lair:3   | 13215 ||| DROPPING +0 pair of boots.
 13216 | Lair:3   | 13216 ||| READING 10 scrolls of identify.
 13216 | Lair:3   | 13216 ||| IDENTIFYING bubbling red potion
 13239 | Lair:4   | 13239 ||| INVOKING Heroism.
 13242 | Lair:4   | 13242 ||| Stepping ~*~*~tactically~*~*~ (hiding).
 13243 | Lair:4   | 13243 ||| Stepping ~*~*~tactically~*~*~ (hiding).
 13276 | Lair:4   | 13276 ||| INVOKING Finesse.
 13280 | Lair:4   | 13280 ||| SWAPPING to +2 war axe of flaming.
 13287 | Lair:4   | 13287 ||| SWAPPING to +5 war axe of freezing.
 13289 | Lair:4   | 13289 ||| Stepping ~*~*~tactically~*~*~ (stealth).
 13291 | Lair:4   | 13291 ||| INVOKING Heroism.
 13378 | Lair:4   | Found a staircase to the Slime Pits.
 13536 | Lair:4   | 13536 ||| INVOKING Heroism.
 13583 | Lair:4   | 13583 ||| Stepping ~*~*~tactically~*~*~ (stealth).
 13584 | Lair:4   | 13584 ||| Stepping ~*~*~tactically~*~*~ (stealth).
 13599 | Lair:4   | Received a gift from Okawaru
 13602 | Lair:4   | Reached skill level 13 in Axes
 13602 | Lair:4   | 13602 ||| INVOKING Heroism.
 13710 | Lair:4   | 13710 ||| INVOKING Heroism.
 13827 | Lair:4   | 13827 ||| INVOKING Heroism.
 13869 | Lair:4   | 13869 ||| INVOKING Heroism.
 14138 | Lair:4   | 14138 ||| INVOKING Heroism.
 14139 | Lair:4   | 14139 ||| INVOKING Finesse.
 14447 | Lair:4   | 14447 ||| DROPPING scarf of harm.
 14448 | Lair:4   | 14448 ||| READING 10 scrolls of identify.
 14448 | Lair:4   | 14448 ||| IDENTIFYING fuming red potion
 14449 | Lair:4   | 14449 ||| DROPPING potion of invisibility.
 14472 | Lair:5   | Entered Level 5 of the Lair of Beasts
 14505 | Lair:5   | 14505 ||| INVOKING Heroism.
 14540 | Lair:5   | Gained mutation: Your large and strong wings let you fly.
                  | [Gargoyle growth]
 14540 | Lair:5   | Reached XP level 14. HP: 88/88 MP: 21/21
 14541 | Lair:5   | Reached skill level 14 in Axes
 14602 | Lair:5   | 14602 ||| INVOKING Heroism.
 14603 | Lair:5   | 14603 ||| INVOKING Finesse.
 14604 | Lair:5   | 14604 ||| INVOKING Finesse.
 14606 | Lair:5   | 14606 ||| SWAPPING to +2 war axe of flaming.
 14612 | Lair:5   | Reached skill level 9 in Armour
 14612 | Lair:5   | 14612 ||| SWAPPING to +5 war axe of freezing.
 14641 | Lair:5   | 14641 ||| Stepping ~*~*~tactically~*~*~ (hiding).
 14670 | Lair:5   | 14670 ||| INVOKING Heroism.
 14840 | Lair:5   | 14840 ||| FLEEEEING.
 14841 | Lair:5   | 14841 ||| INVOKING Heroism.
 14905 | Lair:5   | 14905 ||| INVOKING Heroism.
 14990 | Lair:5   | Reached skill level 12 in Shields
 15008 | Lair:5   | 15008 ||| Stepping ~*~*~tactically~*~*~ (stealth).
 15010 | Lair:5   | 15010 ||| INVOKING Heroism.
 15011 | Lair:5   | 15011 ||| INVOKING Finesse.
 15067 | Lair:5   | 15067 ||| Stepping ~*~*~tactically~*~*~ (stealth).
 15154 | Lair:5   | 15154 ||| Stepping ~*~*~tactically~*~*~ (stealth).
 15155 | Lair:5   | 15155 ||| INVOKING Heroism.
 15156 | Lair:5   | 15156 ||| SWAPPING to +2 war axe of flaming.
 15157 | Lair:5   | 15157 ||| INVOKING Finesse.
 15158 | Lair:5   | 15158 ||| SWAPPING to +5 war axe of freezing.
 15162 | Lair:5   | 15162 ||| SWAPPING to +2 war axe of flaming.
 15173 | Lair:5   | Received a gift from Okawaru
 15174 | Lair:5   | 15174 ||| SWAPPING to +5 war axe of freezing.
 15293 | Lair:5   | 15293 ||| INVOKING Heroism.
 15296 | Lair:5   | Reached skill level 6 in Throwing
 15314 | Lair:5   | 15314 ||| Stepping ~*~*~tactically~*~*~ (stealth).
 15315 | Lair:5   | 15315 ||| INVOKING Finesse.
 15580 | Lair:5   | 15580 ||| Stepping ~*~*~tactically~*~*~ (hiding).
 15613 | Lair:5   | 15613 ||| Stepping ~*~*~tactically~*~*~ (stealth).
 15615 | Lair:5   | 15615 ||| Stepping ~*~*~tactically~*~*~ (hiding).
 15626 | Lair:5   | 15626 ||| Stepping ~*~*~tactically~*~*~ (stealth).
 15638 | Lair:5   | Identified the +9 dagger of the Vase {chaos, rCorr}
 15677 | Lair:5   | 15677 ||| Stepping ~*~*~tactically~*~*~ (stealth).
 15679 | Lair:5   | 15679 ||| Stepping ~*~*~tactically~*~*~ (hiding).
 15687 | Lair:5   | Received a gift from Okawaru
 15778 | Lair:5   | 15778 ||| Stepping ~*~*~tactically~*~*~ (stealth).
 15799 | Lair:5   | 15799 ||| INVOKING Heroism.
 15801 | Lair:5   | 15801 ||| Stepping ~*~*~tactically~*~*~ (hiding).
 15804 | Lair:5   | 15804 ||| INVOKING Finesse.
 15810 | Lair:5   | Reached skill level 15 in Axes
 15845 | Lair:5   | 15845 ||| Stepping ~*~*~tactically~*~*~ (stealth).
 15870 | Lair:5   | 15870 ||| Stepping ~*~*~tactically~*~*~ (stealth).
 15883 | Lair:5   | 15883 ||| Stepping ~*~*~tactically~*~*~ (stealth).
 15885 | Lair:5   | 15885 ||| Stepping ~*~*~tactically~*~*~ (hiding).
 15921 | Lair:5   | 15921 ||| Stepping ~*~*~tactically~*~*~ (stealth).
 16048 | Lair:5   | 16048 ||| PLANNING D:1-11
 16158 | D:10     | Entered Level 10 of the Dungeon
 16176 | D:10     | 16176 ||| FLEEEEING.
 16177 | D:10     | 16177 ||| FLEEEEING.
 16178 | D:10     | 16178 ||| FLEEEEING.
 16179 | D:10     | 16179 ||| FLEEEEING.
 16180 | D:10     | 16180 ||| FLEEEEING.
 16184 | D:10     | 16184 ||| STAIRDANCE
 16351 | D:10     | Noticed Snorg
 16352 | D:10     | 16352 ||| INVOKING Heroism.
 16353 | D:10     | 16353 ||| INVOKING Finesse.
 16363 | D:10     | Killed Snorg
 16419 | D:10     | 16419 ||| INVOKING Heroism.
 16434 | D:10     | 16434 ||| Stepping ~*~*~tactically~*~*~ (stealth).
 16504 | D:10     | Received a gift from Okawaru
 16505 | D:10     | 16505 ||| Stepping ~*~*~tactically~*~*~ (stealth).
 16541 | D:10     | 16541 ||| SWAPPING to +2 broad axe of venom.
 16542 | D:10     | 16542 ||| DROPPING +5 war axe of freezing.
 16656 | D:10     | 16656 ||| INVOKING Heroism.
 16703 | D:10     | Found a staircase to the Orcish Mines.
 16864 | D:10     | Reached skill level 12 in Fighting
 17053 | D:10     | 17053 ||| Stepping ~*~*~tactically~*~*~ (stealth).
 17144 | D:10     | 17144 ||| UPGRADING to +0 helmet.
 17154 | D:10     | 17154 ||| DROPPING +1 hat of intelligence.
 17155 | D:10     | 17155 ||| READING scroll labelled EFEILUPETU.
 17358 | D:11     | 17358 ||| INVOKING Heroism.
 17360 | D:11     | Reached XP level 15. HP: 91/96 MP: 19/22
 17511 | D:11     | 17511 ||| Stepping ~*~*~tactically~*~*~ (stealth).
 17760 | D:11     | 17760 ||| PLANNING D
 17760 | D:11     | 17760 ||| READING scroll labelled NUUGOSEE HUES.
 17960 | D:12     | 17960 ||| INVOKING Heroism.
 17965 | D:12     | 17965 ||| READING 4 scrolls of teleportation.
 18010 | D:12     | Found a runed translucent gate.
 18010 | D:12     | Found a runed translucent gate.
 18010 | D:12     | Found a runed translucent gate.
 18010 | D:12     | Noticed Bananafolds's ghost (journeyman DrAE)
 18109 | D:12     | 18109 ||| Stepping ~*~*~tactically~*~*~ (stealth).
 18111 | D:12     | 18111 ||| Stepping ~*~*~tactically~*~*~ (stealth).
 18116 | D:12     | 18116 ||| INVOKING Heroism.
 18287 | D:12     | 18287 ||| Stepping ~*~*~tactically~*~*~ (stealth).
 18327 | D:12     | 18327 ||| INVOKING Heroism.
 18331 | D:12     | 18331 ||| READING 3 scrolls of teleportation.
 18425 | D:12     | 18425 ||| Stepping ~*~*~tactically~*~*~ (stealth).
 18431 | D:12     | 18431 ||| READING 2 scrolls of teleportation.
 18432 | D:12     | 18432 ||| INVOKING Heroism.
 18454 | D:12     | 18454 ||| Stepping ~*~*~tactically~*~*~ (stealth).
 18570 | D:12     | 18570 ||| READING 13 scrolls of identify.
 18570 | D:12     | 18570 ||| IDENTIFYING metallic ruby potion
 18585 | D:13     | Noticed Urug
 18585 | D:13     | Noticed Rupert
 18585 | D:13     | Found a gate to the Vaults.
 18586 | D:13     | 18586 ||| INVOKING Heroism.
 18587 | D:13     | 18587 ||| STAIRDANCE
 18621 | D:13     | 18621 ||| STAIRDANCE
 18623 | D:12     | 18623 ||| INVOKING Finesse.
 18630 | D:12     | Killed Rupert
 18696 | D:13     | 18696 ||| STAIRDANCE
 18698 | D:12     | 18698 ||| INVOKING Heroism.
 18882 | D:13     | 18882 ||| STAIRDANCE
 18915 | D:13     | 18915 ||| STAIRDANCE
 18988 | D:13     | 18988 ||| STAIRDANCE
 19052 | D:13     | 19052 ||| INVOKING Heroism.
 19053 | D:13     | 19053 ||| INVOKING Finesse.
 19058 | D:13     | Killed Urug
 19093 | D:13     | 19093 ||| DRINKING 8 potions of curing.
 19093 | D:13     | 19093 ||| (to cure confusion)
 19097 | D:13     | 19097 ||| FLEEEEING.
 19098 | D:13     | 19098 ||| FLEEEEING.
 19157 | D:13     | 19157 ||| Stepping ~*~*~tactically~*~*~ (hiding).
 19160 | D:13     | 19160 ||| INVOKING Heroism.
 19529 | D:13     | Received a gift from Okawaru
 19530 | D:13     | Reached skill level 16 in Axes
 19936 | D:14     | Found a transporter.
 20000 | D:14     | 20000 ||| Stepping ~*~*~tactically~*~*~ (hiding).
 20060 | D:14     | 20060 ||| INVOKING Heroism.
 20068 | D:14     | 20068 ||| Stepping ~*~*~tactically~*~*~ (hiding).
 20296 | D:14     | 20296 ||| INVOKING Heroism.
 20297 | D:14     | 20297 ||| Stepping ~*~*~tactically~*~*~ (stealth).
 20298 | D:14     | 20298 ||| INVOKING Finesse.
 20300 | D:14     | 20300 ||| SWAPPING to +2 war axe of flaming.
 20306 | D:14     | 20306 ||| SWAPPING to +2 spectral broad axe.
 20358 | D:14     | Noticed Cown's ghost (journeyman TrHu)
 20359 | D:14     | Found a transporter.
 20365 | D:14     | Found a bloodstained altar of Trog.
 20365 | D:14     | Noticed an orc warlord
 20475 | D:14     | 20475 ||| INVOKING Heroism.
 20483 | D:14     | 20483 ||| Stepping ~*~*~tactically~*~*~ (stealth).
 20489 | D:14     | Received a gift from Okawaru
 20752 | D:15     | Entered Level 15 of the Dungeon
 20799 | D:15     | 20799 ||| INVOKING Heroism.
 20910 | D:15     | 20910 ||| Stepping ~*~*~tactically~*~*~ (hiding).
 20920 | D:15     | 20920 ||| FLEEEEING.
 20921 | D:15     | 20921 ||| FLEEEEING.
 20922 | D:15     | 20922 ||| FLEEEEING.
 20970 | D:15     | 20970 ||| INVOKING Heroism.
 21307 | D:15     | 21307 ||| Stepping ~*~*~tactically~*~*~ (stealth).
 21308 | D:15     | 21308 ||| Stepping ~*~*~tactically~*~*~ (stealth).
 21311 | D:15     | 21311 ||| Stepping ~*~*~tactically~*~*~ (stealth).
 21312 | D:15     | 21312 ||| Stepping ~*~*~tactically~*~*~ (stealth).
 21315 | D:15     | 21315 ||| Stepping ~*~*~tactically~*~*~ (stealth).
 21316 | D:15     | 21316 ||| Stepping ~*~*~tactically~*~*~ (stealth).
 21317 | D:15     | 21317 ||| INVOKING Heroism.
 21320 | D:15     | 21320 ||| Stepping ~*~*~tactically~*~*~ (stealth).
 21326 | D:15     | 21326 ||| Stepping ~*~*~tactically~*~*~ (stealth).
 21327 | D:15     | 21327 ||| Stepping ~*~*~tactically~*~*~ (stealth).
 21328 | D:15     | 21328 ||| Stepping ~*~*~tactically~*~*~ (stealth).
 21330 | D:15     | 21330 ||| Stepping ~*~*~tactically~*~*~ (stealth).
 21349 | D:15     | 21349 ||| Stepping ~*~*~tactically~*~*~ (stealth).
 21350 | D:15     | 21350 ||| Stepping ~*~*~tactically~*~*~ (stealth).
 21444 | D:15     | 21444 ||| Stepping ~*~*~tactically~*~*~ (hiding).
 21621 | D:15     | 21621 ||| Stepping ~*~*~tactically~*~*~ (hiding).
 21623 | D:15     | 21623 ||| Stepping ~*~*~tactically~*~*~ (hiding).
 21625 | D:15     | 21625 ||| Stepping ~*~*~tactically~*~*~ (hiding).
 21767 | D:15     | 21767 ||| INVOKING Heroism.
 21866 | D:15     | 21866 ||| Stepping ~*~*~tactically~*~*~ (hiding).
 21963 | D:15     | 21963 ||| INVOKING Heroism.
 22049 | D:15     | 22049 ||| Stepping ~*~*~tactically~*~*~ (hiding).
 22053 | D:15     | 22053 ||| INVOKING Heroism.
 22066 | D:15     | 22066 ||| Stepping ~*~*~tactically~*~*~ (stealth).
 22077 | D:15     | Identified the +7 chain mail of Divanaece {rPois Dex+4}
                  | (Okawaru gifted it to you on level 15 of the Dungeon)
 22077 | D:15     | Received a gift from Okawaru
 22078 | D:15     | Reached XP level 16. HP: 97/101 MP: 23/23
 22093 | D:15     | Found a staircase to the Depths.
 22440 | D:15     | 22440 ||| PLANNING ORC
 22440 | D:15     | 22440 ||| DROPPING scarf of invisibility.
 22591 | Orc:1    | Entered Level 1 of the Orcish Mines
 22592 | Orc:1    | 22592 ||| INVOKING Heroism.
 22682 | Orc:1    | Found Abluah's Distillery.
 22694 | Orc:1    | 22694 ||| BUYING 2 potions of lignification (72 gold).
 22694 | Orc:1    | Bought 2 potions of lignification for 72 gold pieces
 22694 | Orc:1    | 22694 ||| BUYING 2 potions of lignification (72 gold).
 22694 | Orc:1    | Bought 2 potions of lignification for 72 gold pieces
 22694 | Orc:1    | 22694 ||| BUYING potion of attraction (36 gold).
 22694 | Orc:1    | Bought a potion of attraction for 36 gold pieces
 22694 | Orc:1    | 22694 ||| BUYING potion of attraction (36 gold).
 22694 | Orc:1    | Bought a potion of attraction for 36 gold pieces
 22694 | Orc:1    | 22694 ||| BUYING potion of haste (120 gold).
 22694 | Orc:1    | Bought a potion of haste for 120 gold pieces
 22694 | Orc:1    | 22694 ||| BUYING potion of heal wounds (60 gold).
 22694 | Orc:1    | Bought a potion of heal wounds for 60 gold pieces
 22694 | Orc:1    | 22694 ||| BUYING potion of lignification (36 gold).
 22694 | Orc:1    | Bought a potion of lignification for 36 gold pieces
 22694 | Orc:1    | 22694 ||| BUYING potion of might (48 gold).
 22694 | Orc:1    | Bought a potion of might for 48 gold pieces
 22694 | Orc:1    | 22694 ||| BUYING potion of mutation (96 gold).
 22694 | Orc:1    | Bought a potion of mutation for 96 gold pieces
 22716 | Orc:1    | 22716 ||| Stepping ~*~*~tactically~*~*~ (stealth).
 22717 | Orc:1    | 22717 ||| Stepping ~*~*~tactically~*~*~ (stealth).
 22718 | Orc:1    | 22718 ||| INVOKING Heroism.
 22721 | Orc:1    | 22721 ||| Stepping ~*~*~tactically~*~*~ (hiding).
 22850 | Orc:1    | 22850 ||| INVOKING Heroism.
 22851 | Orc:1    | 22851 ||| INVOKING Finesse.
 22966 | Orc:2    | Entered Level 2 of the Orcish Mines
 22967 | Orc:2    | 22967 ||| STAIRDANCE
 22986 | Orc:2    | 22986 ||| INVOKING Heroism.
 23164 | Orc:2    | 23164 ||| INVOKING Heroism.
 23214 | Orc:2    | 23214 ||| INVOKING Heroism.
 23249 | Orc:2    | Reached skill level 17 in Axes
 23307 | Orc:2    | 23307 ||| Stepping ~*~*~tactically~*~*~ (hiding).
 23308 | Orc:2    | 23308 ||| INVOKING Heroism.
 23318 | Orc:2    | Noticed Saint Roka
 23319 | Orc:2    | 23319 ||| INVOKING Finesse.
 23320 | Orc:2    | HP: 25/100 [orc knight/+2 war axe (2)]
 23321 | Orc:2    | 23321 ||| READING 2 scrolls of teleportation.
 23322 | Orc:2    | 23322 ||| DRINKING 4 potions of heal wounds.
 23322 | Orc:2    | Mangled by an orc knight

Levels and vault maps discovered:
D:1:      amcnicky_arrival_abandoned_market, layout_basic, serial_shops, shop,
          shop
D:2:      layout_rooms, basic_altar
D:3:      layout_loops_cross, nicolae_overflow_ecumenical_swirl,
          old_standard_altar, shapermc_ecumenical_altar_starsandcircs,
          minmay_pentomino_pile
D:4:      layout_basic, vehumet_statue, uniq_natasha, uniq_grinder
D:5:      minmay_chambers_of_fours, layout_gridville,
          nemelex_xobeh_ov_fountains_minmay
D:6:      layout_loops_ring, mainiacjoe_overflow_catwalk,
          mainiacjoe_overflow_chevrons, minmay_temple_entry_slanted,
          ebering_ghost_sewer_d
D:7:      minmay_cornered_nines, layout_gridville, serial_shops,
          nicolae_shop_trees, gammafunk_ghost_gnarly_gnolls, minmay_circle_x
D:8:      minmay_polygon_palace, layout_basic, eat_drink_and_be_merry_uskayaw,
          serial_shops, nicolae_square_shop, minmay_misc_feat_square
D:9:      layout_rooms, lightli_temple_of_fire, david_lair_shrubbed,
          uniq_maggie, uniq_maurice
D:10:     layout_loops_ring, orc_0_dummy, uniq_snorg
D:11:     layout_basic
D:12:     layout_roguey, gammafunk_ghost_hydra_chop
D:13:     layout_roguey, david_vaults_3
D:14:     layout_gridville, gammafunk_ghost_wrathful_warriors,
          nicolae_two_hexagons
D:15:     grunt_enter_depths_hoard, layout_stronghold, minmay_misc_feat_encased
Lair:1:   layout_regular_city, nicolae_lair_lil_pond, pond
Lair:2:   layout_gridlike, guppyfry_snake_entry_garden,
          nicolae_volcano_entry_hallway, grunt_forest_small_clearing_treed,
          grunt_megastairs_2, uniq_gastronok
Lair:3:   layout_chaotic_city, elwin_shoals_entry_rocks, uniq_kirke
Lair:4:   layout_regular_city, slime_entry_1, nzn_sisyphean_effort
Lair:5:   guppyfry_lair_end_dragon, layout_big_grid, hangedman_lair_in_review
Orc:1:    layout_caves, serial_shops, shop, mines3_lemuel
Orc:2:    grunt_orc_cross, layout_caves, serial_shops,
          nicolae_shop_temple_entry_statues_fountains

Skill      XL: |  1  2  3  4  5  6  7  8  9 10 11 12 13 14 15 16 |
---------------+-------------------------------------------------+-----
Axes           | 2 3 4 5 6 7 9 10 11 12 13 15 16 17 | 17.0
Shields        | 6 7 8 9 10 11 12 13 | 13.0
Fighting       | 4 5 6 7 8 9 10 12 | 12.1
Dodging        | 1 2 3 4 |  4.0
Throwing       | 1 2 3 4 5 6 |  6.0
Invocations    | 2 4 5 9 10 | 10.0
Armour         | 4 6 7 8 9 11 | 11.0

Action                   |  1- 3 |  4- 6 |  7- 9 | 10-12 | 13-15 | 16-18 || total
-------------------------+-------+-------+-------+-------+-------+-------++-------
Melee: War axe           |   137 |    70 |   202 |   392 |   488 |       ||  1289
       Broad axe         |       |       |       |       |   336 |    76 ||   412
Throw: Boomerang         |       |       |    40 |    21 |    33 |     1 ||    95
       Javelin           |       |       |     6 |    54 |    74 |     7 ||   141
Invok: Heroism           |       |       |     8 |    27 |    43 |     7 ||    85
       Finesse           |       |       |       |     2 |    13 |     2 ||    17
  Use: Scroll            |     4 |     3 |    11 |     5 |     8 |     1 ||    32
       Potion            |       |     3 |     2 |     2 |     1 |     1 ||     9
 Stab: Confused          |       |       |       |       |     1 |       ||     1
       Distracted        |       |       |       |       |     6 |     1 ||     7
Armor: Scale mail        |    79 |    27 |    11 |       |       |       ||   117
       Chain mail        |       |       |    94 |    34 |   259 |    13 ||   400
       Plate armour      |       |       |       |   131 |       |       ||   131
Dodge: Dodged            |    63 |    24 |    43 |    53 |   138 |    16 ||   337
Block: Buckler           |    32 |     5 |       |       |       |       ||    37
       Kite shield       |       |    11 |    88 |   181 |   452 |    53 ||   785
       Reflection        |       |       |       |       |    21 |    13 ||    34

Table legend:
 A = Non-vault XP
 B = Vault XP
 C = Vault XP percentage of total XP
 D = Non-vault monster count
 E = Vault monster count
 F = Vault count percentage of total count
                 A         B        C        D         E       F
            +---------+---------+-------+---------+---------+-------
      Total |   97722 |   38216 |  28.1 |     515 |     129 |  20.0
            +---------+---------+-------+---------+---------+-------
        D:1 |      57 |       0 |   0.0 |      34 |       0 |   0.0
        D:2 |      27 |       0 |   0.0 |      17 |       0 |   0.0
        D:3 |      73 |      13 |  15.1 |      10 |       4 |  28.6
        D:4 |     268 |     321 |  54.5 |      18 |       2 |  10.0
        D:5 |     515 |     351 |  40.5 |      17 |       5 |  22.7
        D:6 |    1105 |       0 |   0.0 |      19 |       0 |   0.0
        D:7 |     934 |    2417 |  72.1 |      21 |      10 |  32.3
        D:8 |    2691 |    2045 |  43.2 |      33 |      19 |  36.5
        D:9 |    1498 |    1226 |  45.0 |      25 |       3 |  10.7
       D:10 |    4274 |     990 |  18.8 |      30 |       1 |   3.2
       D:11 |    1694 |       0 |   0.0 |      11 |       0 |   0.0
       D:12 |    4660 |    5536 |  54.3 |      19 |      18 |  48.6
       D:13 |    4961 |    1616 |  24.6 |      14 |       2 |  12.5
       D:14 |    7854 |       0 |   0.0 |      14 |       0 |   0.0
       D:15 |   14893 |    1828 |  10.9 |      32 |       2 |   5.9
     Lair:1 |    7612 |     551 |   6.7 |      23 |       6 |  20.7
     Lair:2 |    5837 |    2680 |  31.5 |      19 |       9 |  32.1
     Lair:3 |    9595 |    2084 |  17.8 |      28 |       4 |  12.5
     Lair:4 |    9636 |     821 |   7.9 |      26 |       1 |   3.7
     Lair:5 |   14849 |   13989 |  48.5 |      55 |      35 |  38.9
      Orc:1 |    1658 |     587 |  26.1 |      12 |       1 |   7.7
      Orc:2 |    3031 |    1161 |  27.7 |      38 |       7 |  15.6
            +---------+---------+-------+---------+---------+-------
